 Dungeon Sprint DCSS version 0.29.1-1-gd02db6906a (webtiles) character file.

Game seed: 478264641103669158

1292 Groucho the Unseen (level 8, -10/36 HPs)
             Began as a Felid Enchanter on Oct 14, 2022.
             Was a Follower of Dithmenos.
             Killed from afar by a crystal guardian (46 damage)
             ... with a crystal bolt
             ... in the Dungeon (Sprint II: "The Violet Keep of Menkaure").
             The game lasted 00:07:38 (1930 turns).

Groucho the Unseen (Felid Enchanter)                Turns: 1930, Time: 00:07:39

Health: -10/36     AC:  2    Str:  8    XL:     8   Next: 30%
Magic:  23/23      EV: 17    Int: 18    God:    Dithmenos [*.....]
Gold:   117        SH:  0    Dex: 16    Spells: 7/27 levels left
                                        Lives:  0   Deaths: 2

rFire   . . .      SeeInvis +     - Unarmed
rCold   . . .      Faith    .   (shield unavailable)
rNeg    . . .      Spirit   .   (body armour unavailable)
rPois   .          Reflect  .   (helmet unavailable)
rElec   .          Harm     .   (cloak unavailable)
rCorr   .          Rampage  .   (gloves unavailable)
Will    +....      NoTele   +   (boots unavailable)
Stlth   ++++++++..              (no amulet)
HPRegen 0.00/turn               (no ring)
MPRegen 0.18/turn               (no ring)

@: inhibited regen, wreathed by umbra, quick
A: very small, claws 1, fangs 3, see invisible, speed 1, shaggy fur 2, stealthy
paws, no weapons or thrown items, no armour, multi-lived, frail 1, inhibited
regeneration
a: Renounce Religion


You were in the Dungeon.
You worshipped Dithmenos.
Dithmenos was aware of your devotion.
You visited 1 branch You collected 1053 gold pieces.
You spent 936 gold pieces at shops.

Inventory:

Potions
 e - 2 potions of magic


   Skills:
 + Level 8.2 Fighting
 - Level 2.6 Dodging
 + Level 18.4 Stealth
 + Level 8.2 Unarmed Combat
 + Level 10.3 Spellcasting
 * Level 4.8 Conjurations
 - Level 14.0 Hexes
 * Level 5.5 Transmutations
 * Level 4.5 Earth Magic


You had 7 spell levels left.
You knew the following spells:

 Your Spells              Type           Power      Damage    Failure   Level
a - Ensorcelled Hibernat  Hex/Ice        68%        N/A       1%          2
b - Confusing Touch       Hex            56%        N/A       1%          3
c - Dazzling Flash        Conj/Hex       86%        N/A       1%          3
d - Tukima's Dance        Hex            56%        N/A       1%          3
e - Stone Arrow           Conj/Erth      52%        3d10      3%          3
f - Statue Form           Tmut/Erth      18%        N/A       83%         6

Your spell library contained the following spells:

 Spells                   Type           Power      Damage    Failure   Level
 Leda's Liquefaction      Hex/Erth       21%        N/A       1%          4
 Lee's Rapid Deconstruct  Erth           12%        3d10*     32%         5
 Lehudib's Crystal Spear  Conj/Erth      13%        10d4      100%        8
 Chain Lightning          Conj/Air       9%         3d12      100%        9
 Fire Storm               Conj/Fire      9%         8d2       100%        9
 Shatter                  Erth           12%        3d13*     100%        9
 Animate Armour           Summ/Erth      Unusable   N/A       N/A         4

Dungeon Overview and Level Annotations

Branches:
Dungeon (1/1)

Altars:
Cheibriados
Dithmenos
Elyvilon
Fedhas
Gozag
Hepliaklqana
Kikubaaqudgha
Makhleb
Nemelex Xobeh
Okawaru
Qazlal
Ru
Sif Muna
Trog
Uskayaw
Vehumet
Wu Jian
Xom
Yredelemnul
Zin
The Shining One
Jiyva
Lugonu

Shops:
D !(::=![?*:=*?[[

Annotations:
D exclusion: oklob plant


Innate Abilities, Weirdness & Mutations

You have sharp claws.
You have razor-sharp teeth.
You have supernaturally acute eyesight. (SInv)
You cover ground quickly. (Speed+)
You are covered in thick fur. (AC +2)
Your paws help you pounce on unaware monsters.
You are incapable of wielding weapons or throwing items.
You cannot wear armour.
You gain extra lives every three experience levels.
You are frail. (-10% HP)
You do not regenerate when monsters are visible.


Message History

You start waiting.
You are engulfed in a cloud of scalding steam.
You start resting.
You are engulfed in a cloud of scalding steam.
You start resting.
HP restored.
You enter the shallow water.
Moving in this stuff is going to be slow.
Casting: Ensorcelled Hibernation (safe; 1% risk of failure)
Confirm with . or Enter, or press ? or * to list all spells.
Okay, then.
Casting: Ensorcelled Hibernation (safe; 1% risk of failure)
Confirm with . or Enter, or press ? or * to list all spells.
You can't see any susceptible monsters within range! (Use Z to cast anyway.)
Casting: Ensorcelled Hibernation (safe; 1% risk of failure)
Confirm with . or Enter, or press ? or * to list all spells.
Aiming: Stone Arrow (dangerous; 3% risk of failure)
Press: ? - help, Shift-Dir - straight line, f - crystal guardian
Aim: a crystal guardian (100% to hit)
The stone arrow hits the crystal guardian.
The crystal guardian is lightly damaged.
The swamp drake roars!
You hear an angry hiss.
Casting: Stone Arrow (dangerous; 3% risk of failure)
Confirm with . or Enter, or press ? or * to list all spells.
Aiming: Stone Arrow (dangerous; 3% risk of failure)
Press: ? - help, Shift-Dir - straight line, f/p - crystal guardian
Aim: a crystal guardian (lightly damaged, 100% to hit)
The stone arrow hits the crystal guardian!
The crystal guardian is moderately damaged.
The crystal guardian fires a crystalline bolt at you.
The crystal bolt burns you!!!
Ouch! That really hurt!
You die...
You are now level 8!
You rejoin the land of the living...
Unknown command.
The crystal guardian fires a crystalline bolt at you.
The crystal bolt freezes you!!!
Ouch! That really hurt!
You die... .#.##.####..÷÷##k# ###.# ...#..#..k#### .#.####..#####.9##)# [?=$)

#'###.##..# +..#†.#▓$$$$)
#.##...#..# #^†#†÷#▓(??!?
.<.'###'..####..##.#▓?!!!!
#.##...#§...###...##▓▓▓▓▓▓▓
#'###.##.§....~§○~~~~~~~~~~
...####~~.....~#@########+###
##..#~~~~~~~..~#._._._..#S~§#
.####~~~~~~~§.~#.._._._.#§~§≈
#+ #~~~§≈≈~~§~~#._._._._#~~~§
~ ~~~~~~≈≈§≈~~~#_._._._.#§§S≈
+#+++#~≈≈§§≈§§§#._._._..#§§§~
§ ##§§§###≈§#_._._...#~~~~
#§§#._._....#~§≈≈
#≈≈#_._.....#~§≈§


You could see a death drake and a crystal guardian.

Vanquished Creatures
  2 boulder beetles (D)
  A death drake (D)
  A merfolk siren (D)
  A yaktaur (D)
  A hornet (D)
  3 polar bears (D)
  2 wyverns (D)
  4 neqoxecs (D)
  Menkaure (D)
  4 water moccasins (D)
  A swamp drake (D)
  A scorpion (D)
22 creatures vanquished.

Vanquished Creatures (others)
  A yaktaur captain (D)
1 creature vanquished.

Grand Total: 23 creatures vanquished

Notes
Turn   | Place    | Note
-------+----------+-------------------------------------------
     0 | D        | Groucho the Felid Enchanter began the quest for the Orb.
     0 | D        | Reached XP level 1. HP: 7/7 MP: 4/4
     1 | D        | Noticed a neqoxec
     1 | D        | Noticed a neqoxec
     1 | D        | Noticed a neqoxec
     1 | D        | Noticed a neqoxec
     1 | D        | Gained mutation: You do not regenerate when monsters are
                  | visible. [a neqoxec]
     7 | D        | Killed a neqoxec
     8 | D        | Reached skill level 10 in Stealth
     8 | D        | Reached XP level 2. HP: 11/11 MP: 4/8
     8 | D        | Reached XP level 3. HP: 14/14 MP: 5/10
     8 | D        | Reached XP level 4. HP: 18/18 MP: 5/11
     8 | D        | Gained mutation: You are frail. (-10% HP) [a neqoxec]
    11 | D        | Killed a neqoxec
    12 | D        | Reached skill level 12 in Stealth
    12 | D        | Reached skill level 5 in Spellcasting
    12 | D        | Reached XP level 5. HP: 18/18 MP: 5/14
    13 | D        | Killed a neqoxec
    14 | D        | Reached skill level 14 in Stealth
    14 | D        | Reached skill level 10 in Hexes
    14 | D        | Gained mutation: You are covered in thick fur. (AC +2)
                  | [Felid growth]
    14 | D        | Reached XP level 6. HP: 21/21 MP: 5/16
    16 | D        | Killed a neqoxec
    17 | D        | Reached skill level 15 in Stealth
   257 | D        | Learned a level 2 spell: Ensorcelled Hibernation
   261 | D        | Learned a level 3 spell: Confusing Touch
   265 | D        | Learned a level 3 spell: Dazzling Flash
   269 | D        | Learned a level 3 spell: Tukima's Dance
   283 | D        | Noticed a merfolk siren
   290 | D        | Killed a merfolk siren
   291 | D        | Reached XP level 7. HP: 21/27 MP: 19/19
   295 | D        | Noticed a wyvern
   295 | D        | Noticed a wyvern
   298 | D        | Killed a wyvern
   299 | D        | Reached skill level 16 in Stealth
   301 | D        | Killed a wyvern
   302 | D        | Reached XP level 8. HP: 25/32 MP: 21/21
   305 | D        | Noticed a boulder beetle
   305 | D        | Noticed a boulder beetle
   309 | D        | Killed a boulder beetle
   310 | D        | Reached skill level 5 in Fighting
   310 | D        | Reached skill level 17 in Stealth
   310 | D        | Reached skill level 5 in Unarmed Combat
   661 | D        | Killed a boulder beetle
   662 | D        | Reached XP level 9. HP: 18/38 MP: 13/23
  1027 | D        | Found Xuocliat's Antique Armour Shoppe.
  1027 | D        | Found Hazum's Antique Armour Shoppe.
  1027 | D        | Found Quplach's Assorted Antiques.
  1027 | D        | Found Kaysh's Magic Scroll Emporium.
  1027 | D        | Found Liplu's Book Shoppe.
  1027 | D        | Found Ynkaora's Jewellery Shoppe.
  1028 | D        | Found Nonuwiaj's Assorted Antiques.
  1028 | D        | Found Ruugh's Magic Scroll Emporium.
  1029 | D        | Found Unegg's Antique Armour Shoppe.
  1029 | D        | Found Beerhyem's Distillery.
  1030 | D        | Noticed a cane toad
  1031 | D        | Found Piuserev's Jewellery Shoppe.
  1031 | D        | Found Pyceadi's Book Emporium.
  1031 | D        | Noticed Menkaure
  1031 | D        | Noticed a cane toad
  1031 | D        | Noticed an oklob plant
  1037 | D        | Noticed a manticore
  1039 | D        | Noticed a manticore
  1051 | D        | Noticed a manticore
  1071 | D        | Killed Menkaure
  1072 | D        | Reached skill level 1 in Conjurations
  1145 | D        | Killed a yaktaur captain
  1407 | D        | Found Bughim's Antique Weapon Shoppe.
  1407 | D        | Found Hydod's Distillery.
  1407 | D        | Found Miuserch's Book Shoppe.
  1416 | D        | Bought a book of Armaments for 468 gold pieces
  1416 | D        | Bought a book of the Earth for 468 gold pieces
  1420 | D        | Learned a level 3 spell: Stone Arrow
  1427 | D        | Learned a level 6 spell: Statue Form
  1563 | D        | Found a glowing silver altar of Zin.
  1564 | D        | Found a glowing golden altar of the Shining One.
  1564 | D        | Found a basalt altar of Yredelemnul.
  1564 | D        | Found a hide-covered altar of Uskayaw.
  1565 | D        | Found a shimmering altar of Xom.
  1565 | D        | Found a bloodstained altar of Trog.
  1565 | D        | Found a radiant altar of Vehumet.
  1565 | D        | Found a burning altar of Makhleb.
  1566 | D        | Found an ornate altar of the Wu Jian Council.
  1566 | D        | Found a shimmering blue altar of Sif Muna.
  1566 | D        | Found a corrupted altar of Lugonu.
  1567 | D        | Found a sacrificial altar of Ru.
  1567 | D        | Found an ancient bone altar of Kikubaaqudgha.
  1567 | D        | Found a white marble altar of Elyvilon.
  1568 | D        | Found a stormy altar of Qazlal.
  1568 | D        | Found a viscous altar of Jiyva.
  1568 | D        | Found a shadowy altar of Dithmenos.
  1569 | D        | Found a hazy altar of Hepliaklqana.
  1569 | D        | Found a snail-covered altar of Cheibriados.
  1571 | D        | Noticed a yaktaur
  1571 | D        | Noticed a polar bear
  1572 | D        | Noticed a polar bear
  1572 | D        | Noticed a polar bear
  1573 | D        | Killed a polar bear
  1574 | D        | Reached skill level 1 in Earth Magic
  1574 | D        | Killed a polar bear
  1576 | D        | Killed a polar bear
  1577 | D        | Reached skill level 18 in Stealth
  1578 | D        | Reached skill level 10 in Spellcasting
  1579 | D        | Killed a yaktaur
  1585 | D        | Found a sparkling altar of Nemelex Xobeh.
  1585 | D        | Found a blossoming altar of Fedhas.
  1586 | D        | Found an opulent altar of Gozag.
  1586 | D        | Found an iron altar of Okawaru.
  1597 | D        | Became a worshipper of Dithmenos the Shadowed
  1617 | D        | Reached * piety under Dithmenos
  1618 | D        | Reached XP level 10. HP: 41/43 MP: 17/25
  1821 | D        | Noticed a death drake
  1822 | D        | Noticed a death drake
  1822 | D        | Noticed a crystal guardian
  1826 | D        | Succumbed to a death drake's dark miasma
  1827 | D        | Reached XP level 9. HP: 0/39 MP: 24/24
  1835 | D        | Killed a death drake
  1836 | D        | Reached skill level 5 in Transmutations
  1928 | D        | Killed from afar by a crystal guardian
  1929 | D        | Reached XP level 8. HP: -5/36 MP: 18/23
  1930 | D        | Killed from afar by a crystal guardian

Illustrated notes

Levels and vault maps discovered:
D:        the_violet_keep_of_menkaure [sprint2_stairs_cluster_1,
          sprint2_shoproom, sprint2_temple, sprint2_basic_supplies,
          sprint2_obstacle_7, sprint2_obstacle_4, sprint2_obstacle_3,
          sprint2_obstacle_5, sprint2_obstacle_1, sprint2_timed_cluster_1,
          sprint2_smallroom_cluster_1, sprint2_smallroom_final_cluster_1,
          sprint2_transparent_cluster_1, sprint2_second_timed_cluster_1,
          sprint2_sniper_area_1, sprint2_heavy_combat_area_1,
          sprint2_mutation_trap_area_1, sprint2_forest_area_1,
          sprint2_light_combat_area_1, sprint2_behind_water_1,
          sprint2_near_end_vault_1]

Skill      XL: |  1  2  3  4  5  6  7  8  9 10 |
---------------+-------------------------------+-----
Stealth        | 10 12 14 15 16 17 18 | 18.4
Spellcasting   | 4 5 6 7 8 9 10 | 10.3
Hexes          | 8 9 10 12 13 14 | 14.0
Fighting       | 3 4 7 8 |  8.2
Unarmed Combat | 3 4 7 8 |  8.2
Conjurations   | 4 |  4.8
Transmutations | 5 |  5.5
Earth Magic    | 4 |  4.5
Dodging        | |  2.6

Action                   |  1- 3 |  4- 6 |  7- 9 | 10-12 || total
-------------------------+-------+-------+-------+-------++-------
Melee: Unarmed           |     4 |    11 |    27 |     1 ||    43
       Bite              |     2 |     2 |     1 |       ||     5
 Cast: Ensorcelled Hiber |       |       |    12 |       ||    12
       Stone Arrow       |       |       |     2 |       ||     2
       Confusing Touch   |       |       |     1 |       ||     1
  Use: Potion            |     2 |     2 |     1 |     1 ||     6
       Scroll            |       |       |     1 |       ||     1
 Stab: Invisible         |       |     4 |     2 |       ||     6
       Sleeping          |       |     1 |    15 |     1 ||    17
       Confused          |       |       |     1 |       ||     1
Dodge: Dodged            |     4 |     4 |    10 |     3 ||    21
